 Dungeon Crawl Stone Soup version 0.30-a0-630-g881e3bac89 (webtiles) character file.

Game seed: 16999605169482422200

167 Dartaoz the Cudgeller (level 5, 0/50 HPs)
             Began as an Ogre Gladiator on Jan 13, 2023.
             Slain by an orc wizard
             ... wielding a +0 dagger
              (3 damage)
             ... on level 4 of the Dungeon.
             The game lasted 00:06:09 (2486 turns).

Dartaoz the Cudgeller (Ogre Gladiator)              Turns: 2486, Time: 00:06:10

Health: 0/50       AC:  3    Str: 20    XL:     5   Next: 48%
Magic:  5/5        EV: 10    Int: 15    God:
Gold:   209        SH:  0    Dex: 10    Spells: 4/4 levels left

rFire   . . .      SeeInvis .    a - +0 flail
rCold   . . .      Faith    .    (no shield)
rNeg    . . .      Spirit   .    b - +0 robe
rPois   .          Reflect  .    c - +0 hat
rElec   .          Harm     .    (no cloak)
rCorr   .          Rampage  .    (gloves unavailable)
Will    .....                    (boots unavailable)
Stlth   +                        (no amulet)
HPRegen 0.28/turn                p - +6 ring of intelligence
MPRegen 0.09/turn                (no ring)

@: confused
A: large, unfitting armour, tough skin 1
a: no special abilities


You were on level 4 of the Dungeon.
You visited 1 branch of the dungeon, and saw 4 of its levels.

You collected 231 gold pieces.
You spent 22 gold pieces at shops.

Inventory:

Hand Weapons
 a - a +0 flail (weapon)
Missiles
 d - 3 throwing nets
 t - a javelin (quivered)
Armour
 b - a +0 robe (worn)
 c - a +0 hat (worn)
Jewellery
 p - a +6 ring of intelligence (left hand)
Scrolls
 j - a scroll of teleportation {unknown}
 k - 3 scrolls of poison {unknown}
 n - a scroll of fear {unknown}
 o - 2 scrolls of acquirement {unknown}
 q - a scroll of magic mapping {unknown}
 u - a scroll of vulnerability {unknown}
Potions
 f - a potion of lignification
 g - 4 potions of curing
 h - a potion of cancellation {unknown}
 i - a potion of berserk rage {unknown}
 l - a potion of haste {unknown}
 m - 2 potions of attraction {unknown}
 r - 3 potions of heal wounds {unknown}
 s - a potion of might {unknown}
 v - 2 potions of degeneration {unknown}
 w - a potion of flight {unknown}


   Skills:
 - Level 2.6 Fighting
 + Level 4.3 Maces & Flails
 + Level 4.1 Throwing
 - Level 2.6 Dodging


You had 4 spell levels left.
You didn't know any spells.
Your spell library contained the following spells:

 Spells                   Type           Power      Damage    Failure   Level
 Apportation              Tloc           0%         N/A       26%         1
 Necrotise                Necr           0%         1d4       26%         1
 Summon Small Mammal      Summ           0%         N/A       26%         1
 Gell's Gravitas          Tloc           0%         N/A       63%         3
 Ozocubu's Armour         Ice            0%         N/A       63%         3
 Teleport Other           Tloc           0%         N/A       63%         3
 Metabolic Englaciation   Hex/Ice        0%         N/A       100%        5
 Dispersal                Tloc           0%         N/A       100%        6
 Simulacrum               Ice/Necr       0%         N/A       100%        6


Dungeon Overview and Level Annotations

Branches:
Dungeon (4/15)
 Temple: D:4-7

Altars:

Shops:
D:2 *


Innate Abilities, Weirdness & Mutations

You are too large for most types of armour.
You have tough skin. (AC +1)


Message History

The orc priest is severely wounded.
The orc priest invokes the aid of Beogh against you.
You struggle to resist.
You hear some strange, mumbled words.
A magic dart appears from out of thin air!
The magic dart hits you.
You closely miss the orc priest.
The orc priest is severely wounded.
The orc priest hits you with a +0 club. Something hits you but does no damage.
The orc priest barely misses you.
You hear some strange, mumbled words.
You are more confused.
The orc priest attacks as you move away!
The orc priest closely misses you.
You hear some strange, mumbled words.
A magic dart appears from out of thin air!
The magic dart hits you!
* * * LOW HITPOINT WARNING * * *
You sock the orc priest!
You kill the orc priest!
Something hits you.
* * * LOW HITPOINT WARNING * * *
Your Throwing skill increases to level 4!
You closely miss something.
You hear some strange, mumbled words.
You are more confused.
You hear some strange, mumbled words.
Something tries to affect you, but you resist.
Something hits you.
* * * LOW HITPOINT WARNING * * *
You completely miss something. Something completely misses you.
Something hits you.
* * * LOW HITPOINT WARNING * * *
You bump into the rock wall.
You hear the brisk rusting of a very distant drain.
Something hits you.
* * * LOW HITPOINT WARNING * * *
You miss something. Something hits you but does no damage.
You bump into the rock wall.
Something hits you.
You die...

#~≈.## #... ##~≈.#######
#... . #≈........#####...
#. .######≈.####...........
.(........~~...............
..)######~≈####....####...
#(. #.≈≈#####.........
#...####.≈≈~# #.........
#(.)##@#~## #######...
###.....#### ######.#
......###.....#####[......
.....# #####.#...........
..~~~ #.#........... ..~~
#...#..#†..#. .~~~
#..#†...#.#.. ..~
#.########### #####.#


There were no monsters in sight!

Vanquished Creatures
  A necrophage (D:4)
  An orc priest (D:4)
  An adder (D:3)
  3 worms
  4 dart slugs
  An orc (D:4)
  5 ball pythons (D:3)
  3 endoplasms
  3 giant cockroaches
  2 goblins
  8 hobgoblins
  2 jackals (D:4)
  6 kobolds
  4 quokkas
  2 bats
  3 frilled lizards
  8 rats
57 creatures vanquished.

Notes
Turn   | Place    | Note
-------+----------+-------------------------------------------
     0 | D:1      | Dartaoz the Ogre Gladiator began the quest for the Orb.
     0 | D:1      | Reached XP level 1. HP: 22/22 MP: 1/1
   376 | D:1      | Reached XP level 2. HP: 25/29 MP: 2/2
   980 | D:2      | Found Ezeuqoita's General Store.
  1013 | D:2      | Bought a scroll of identify for 22 gold pieces
  1024 | D:2      | Reached XP level 3. HP: 36/36 MP: 3/3
  1415 | D:3      | Found a faded altar of an unknown god.
  1652 | D:3      | Reached XP level 4. HP: 43/44 MP: 4/4
  2140 | D:4      | Noticed a necrophage
  2144 | D:4      | Killed a necrophage
  2145 | D:4      | Reached XP level 5. HP: 50/50 MP: 5/5
  2484 | D:4      | HP: 2/50 [something (3)]
  2486 | D:4      | Slain by an orc wizard

Illustrated notes

Levels and vault maps discovered:
D:1:      sevenhm_arrival_forest_fort_large_3, layout_rooms, nicolae_titane
D:2:      layout_rooms, serial_shops, shop
D:3:      layout_basic, ebering_ecumenical_altar_webs, amcnicky_mini_pool_small
D:4:      wad_river_or_something, layout_rooms, portal_sewer_entry_a,
          serial_rivers, chequers_serial_rivers_micro_c,
          chequers_serial_rivers_small_a, chequers_serial_rivers_large_b,
          chequers_serial_rivers_micro_e, chequers_serial_rivers_large_a,
          chequers_serial_rivers_micro_a

Skill      XL: |  1  2  3  4  5 |
---------------+----------------+-----
Maces & Flails | 3 4 |  4.3
Throwing       | 3 4 |  4.1
Fighting       | |  2.6
Dodging        | |  2.6

Action                   |  1- 3 |  4- 6 || total
-------------------------+-------+-------++-------
Melee: Flail             |   109 |    62 ||   171
       Punch             |     3 |       ||     3
Throw: Large rock        |     1 |     2 ||     3
       Javelin           |       |     5 ||     5
  Use: Scroll            |     2 |       ||     2
 Stab: Sleeping          |       |     1 ||     1
Armor: Robe              |    33 |    29 ||    62
Dodge: Dodged            |    68 |    56 ||   124

Table legend: (Time is in decaauts)
 A = Elapsed time spent in this place.
 B = Non-inter-level travel time spent in this place.
 C = Inter-level travel time spent in this place.
 D = Time resting spent in this place.
 E = Time spent auto-exploring this place.
 F = Levels seen in this place.
 G = Mean time per level.
                   A        B        C        D        E       F      G
               +--------+--------+--------+--------+--------+-----+--------+
         Total |   2528 |   2441 |     87 |    100 |   1907 |   4 |  632.0 |
       Dungeon |   2528 |   2441 |     87 |    100 |   1907 |   4 |  632.0 |
               +--------+--------+--------+--------+--------+-----+--------+

Top non-repeatable levels by time:
     D:3: 778 daAuts
     D:1: 724 daAuts
     D:2: 668 daAuts
     D:4: 356 daAuts
